 Dungeon Crawl Stone Soup version 0.27.1-3-gb3d3a73c9e (webtiles) character file.

Game seed: 447797865929796505

87 VictoriousLee the Caller (level 4, 0/24 HPs)
             Began as a Tengu Summoner on Oct 15, 2021.
             Frozen to death by an endoplasm (5 damage)
             ... on level 3 of the Dungeon.
             The game lasted 00:10:00 (1895 turns).

VictoriousLee the Caller (Tengu Summoner)           Turns: 1895, Time: 00:10:00

Health: 0/24       AC:  2    Str:  8    XL:     4   Next: 51%
Magic:  5/8        EV: 12    Int: 17    God:
Gold:   40         SH:  5    Dex: 14    Spells: 1/7 levels left

rFire    . . .     SeeInvis .   f - +2 short sword (flame)
rCold    . . .     Faith    .   (no shield)
rNeg     . . .     Spirit   .   a - +0 robe
rPois    .         Reflect  +   (helmet restricted)
rElec    .         Harm     .   (no cloak)
rCorr    .         Rampage  .   (no gloves)
Will     .....                  (boots unavailable)
Stlth    ++........             b - amulet of reflection
HPRegen  0.08/turn              (no ring)
MPRegen  0.11/turn              (no ring)

@: no status effects
A: beak, talons 3
a: no special abilities


You were on level 3 of the Dungeon.
You visited 1 branch of the dungeon, and saw 3 of its levels.

You collected 40 gold pieces.

Inventory:

Hand Weapons
 d - a +0 dagger
 f - a +2 short sword of flaming (weapon)
 n - a +0 spear
 p - a +1 dagger of venom
Missiles
 h - 6 javelins
 j - 35 arrows
 q - 48 stones
Armour
 a - a +0 robe (worn)
 l - a +0 ring mail
Jewellery
 b - an amulet of reflection (around neck)
Scrolls
 e - a scroll of enchant armour {unknown}
 g - a scroll of enchant weapon {unknown}
 i - a scroll of fog {unknown}
 k - a scroll of identify {unknown}
 m - a scroll of teleportation {unknown}
 r - a scroll of holy word {unknown}
Potions
 c - 2 potions of lignification {unknown}
 o - a potion of degeneration {unknown}
 s - a potion of magic {unknown}


   Skills:
 - Level 2.1 Dodging
 - Level 2.0 Stealth
 - Level 2.0 Spellcasting
 + Level 2.0 Conjurations
 + Level 6.7 Summonings


You had one spell level left.
You knew the following spells:

 Your Spells              Type           Power      Damage    Failure   Level
a - Call Imp              Summ           24%        N/A       1%          2
b - Summon Small Mammal   Summ           96%        N/A       1%          1
c - Call Canine Familiar  Summ           24%        N/A       3%          3

Your spell library contained the following spells:

 Spells                   Type           Power      Damage    Failure   Level
 Magic Dart               Conj           32%        1d4       9%          1
 Searing Ray              Conj           16%        3d3       13%         2
 Summon Guardian Golem    Hex/Summ       13%        N/A       14%         3
 Summon Lightning Spire   Summ/Air       13%        N/A       43%         4
 Gell's Gravitas          Tloc           0%         N/A       50%         3
 Teleport Other           Tloc           1%         N/A       50%         3
 Fulminant Prism          Conj/Hex       2%         3d6       77%         4
 Dispersal                Tloc           0%         N/A       100%        6
 Summon Hydra             Summ           12%        N/A       100%        7


Dungeon Overview and Level Annotations

Branches:
Dungeon (3/15)

Altars:


Innate Abilities, Weirdness & Mutations

You have a beak for a mouth.
You have claws for feet.


Message History

You feel clever.
You hit the orc priest. You burn the orc priest.
The orc priest is moderately wounded.
Your crimson imp disappears in a puff of smoke!
Your shadow imp hits the orc priest.
The orc priest misses you.
The endoplasm hits your shadow imp but does no damage.
You hit the orc priest but do no damage.
The orc priest is heavily wounded.
Your shadow imp hits the orc priest but does no damage.
Your crimson imp blinks!
The orc hits your shadow imp but does no damage.
The orc priest hits you with a +0 flail!
* * * LOW HITPOINT WARNING * * *
The endoplasm hits your shadow imp.
The orc hits your shadow imp with a +0 club.
You hit the orc priest. You burn the orc priest.
Your kick misses the orc priest. Your peck misses the orc priest.
The orc priest is almost dead.
Your shadow imp hits the orc.
Your crimson imp hits the orc priest but does no damage.
The orc barely misses your shadow imp.
The orc priest hits you with a +0 flail.
* * * LOW HITPOINT WARNING * * *
The orc hits your shadow imp with a +0 club.
The endoplasm hits your shadow imp but does no damage.
You hit the orc priest. You burn the orc priest.
You kill the orc priest!
Your shadow imp completely misses the orc.
The orc closely misses your shadow imp.
Your Conjurations skill increases to level 2!
Your shadow imp gestures at the orc.
The orc writhes in agony.
Your crimson imp hits the orc.
The orc hits your shadow imp with a +0 club.
Your shadow imp dies!
The orc barely misses something.
There is a stone staircase leading up here.
The orc hits something with a +0 club.
The endoplasm freezes you.
You are frozen.
You die...

#..........#.##.#
####.....#...##.#
####..######'## ### ###..##
#....# ..# #.....# #....#
#.# #.#.#.###....# #####.#
#.#....##....#
#...#.########.##.#.##....#
#...#.##.J@..#.......#....#
#...#.##.######.#.#..#....#
##......o...................
#......o.)....###.#.#...#.##
#.......5.........#.#...#.#
#..............####.....#.#
#..............#..<..#..#.#
#.†....##...##.###.###..#.#
#......##(..##.# #........#


You could see 2 orcs and an endoplasm.

Vanquished Creatures
  An orc priest (D:3)
  A dart slug (D:1)
  An endoplasm (D:2)
  A giant cockroach (D:2)
  5 goblins
  4 hobgoblins
  A jackal (D:2)
  2 quokkas
  4 ball pythons
  5 bats
  A frilled lizard (D:2)
  3 kobolds
  7 rats
36 creatures vanquished.

Vanquished Creatures (collateral kills)
  An orc priest (D:3)
  2 endoplasms
  2 giant cockroaches (D:2)
  2 goblins (D:1)
  2 jackals (D:2)
  A quokka (D:2)
  2 kobolds (D:1)
12 creatures vanquished.

Grand Total: 48 creatures vanquished

Notes
Turn   | Place    | Note
-------+----------+-------------------------------------------
     0 | D:1      | VictoriousLee the Tengu Summoner began the quest for the
                  | Orb.
     0 | D:1      | Reached XP level 1. HP: 10/10 MP: 4/4
     2 | D:1      | Got the Reference Book on Calling
    73 | D:1      | Reached skill level 5 in Summonings
   156 | D:1      | Reached XP level 2. HP: 15/15 MP: 6/6
   169 | D:1      | Found a faded altar of an unknown god.
   261 | D:1      | Learned a level 2 spell: Call Imp
   754 | D:2      | Reached XP level 3. HP: 19/19 MP: 7/7
   811 | D:2      | Reached skill level 6 in Summonings
   823 | D:2      | Learned a level 3 spell: Call Canine Familiar
  1889 | D:3      | Reached skill level 1 in Conjurations
  1889 | D:3      | Reached XP level 4. HP: 13/24 MP: 4/8
  1895 | D:3      | Frozen to death by an endoplasm

Illustrated notes

Levels and vault maps discovered:
D:1:      psy_arrival_radial02, layout_rooms, shapermc_ecumenical_altar_venn,
          minivault_14
D:2:      layout_basic
D:3:      layout_basic, uniq_grinder, uniq_ijyb

Skill      XL: |  1  2  3  4 |
---------------+-------------+-----
Summonings     | 5 6 |  6.7
Conjurations   | 1 2 |  2.0
Dodging        | |  2.1
Stealth        | |  2.0
Spellcasting   | |  2.0

Action                   |  1- 3 |  4- 6 || total
-------------------------+-------+-------++-------
Melee: Unarmed           |     9 |       ||     9
       Dagger            |    10 |       ||    10
       Kick              |    12 |       ||    12
       Peck              |     9 |       ||     9
       Short sword       |    64 |     4 ||    68
 Cast: Summon Small Mamm |     6 |       ||     6
       Call Imp          |    10 |       ||    10
 Stab: Sleeping          |     5 |       ||     5
Armor: Robe              |    12 |       ||    12
Dodge: Dodged            |    43 |     1 ||    44
Block: Other             |    15 |       ||    15
       Reflection        |     1 |       ||     1
